 Dungeon Crawl Stone Soup version 0.20.1-1-g8b1a95d (webtiles) character file.

3601 tmwrnj the Cleaver (level 10, 0/86 HPs)
             Began as a Hill Orc Fighter on Oct 1, 2017.
             Succumbed to a killer bee's poison
             ... on level 9 of the Dungeon.
             The game lasted 00:22:06 (8623 turns).

tmwrnj the Cleaver (Hill Orc Fighter)               Turns: 8623, Time: 00:22:06

Health: 0/86       AC:  9    Str: 26    XL:     10   Next: 10%
Magic:  10/10      EV: 11    Int:  8    God:
Gold:   462        SH: 11    Dex: 11    Spells: 9/9 levels left

rFire    . . .     SeeInvis .   a - +0 war axe
rCold    + . .     Gourm    +   c - +0 shield
rNeg     . . .     Faith    .   e - +0 acid dragon scales
rPois    .         Spirit   .   k - +0 helmet
rElec    .         Reflect  .   N - +0 cloak
rCorr    +         Harm     .   (no gloves)
MR       .....                  (no boots)
Stlth    +.........             F - amulet of the gourmand
Regen    0.3/turn               G - ring "Xoerilo" {+Inv +Fly Str+4}
MPRegen  0.2/turn               M - ring of protection from cold

@: lethally poisoned (0 -> -2)
A: no striking features
a: Evoke Invisibility, Evoke Flight


You were on level 9 of the Dungeon.
You were not hungry.

You visited 2 branches of the dungeon, and saw 11 of its levels.
You also visited: Ossuary.

You collected 462 gold pieces.

Inventory:

Hand Weapons
 a - a +0 war axe (weapon)
Armour
 c - a +0 shield (worn)
 e - +0 acid dragon scales (worn)
 k - a +0 helmet (worn)
 H - a +0 chain mail
 N - a +0 cloak (worn)
 O - a +0 plate armour
Jewellery
 l - an uncursed ring of teleportation
 u - an uncursed ring of ice
 F - an amulet of the gourmand (around neck)
 G - the ring "Xoerilo" (left hand) {+Inv +Fly Str+4}
   (You found it on level 4 of the Dungeon)

   [ring of flight]

   It affects your strength (+4).
   It lets you turn invisible.
   It lets you fly.
 M - a ring of protection from cold (right hand)
Wands
 L - a wand of disintegration (14/24)
 P - a wand of polymorph (0/24)
Scrolls
 g - 3 scrolls of teleportation
 h - 2 scrolls of magic mapping {unknown}
 i - 2 scrolls of fear {unknown}
 j - 2 scrolls of blinking {unknown}
 p - 2 scrolls of recharging
 s - 2 scrolls of remove curse
 y - a scroll of immolation {unknown}
 C - a scroll of random uselessness {unknown}
 E - 3 scrolls of identify
 I - a scroll of enchant weapon {unknown}
 K - 2 scrolls of vulnerability {unknown}
 Q - a scroll of enchant armour {unknown}
 R - a scroll of fog {unknown}
Potions
 d - 6 potions of might
 m - 2 potions of flight
 q - 5 potions of haste
 r - 2 potions of berserk rage
 t - a potion of invisibility {unknown}
 v - 2 potions of magic
 w - 7 potions of curing {unknown}
 x - 2 potions of cancellation
 z - 2 potions of ambrosia {unknown}
 A - 2 potions of mutation
 B - a potion of brilliance {unknown}
 D - 2 potions of lignification
Comestibles
 b - 10 fruits
 f - 7 bread rations
 n - 6 royal jellies
 J - 2 meat rations


   Skills:
 + Level 7.5 Fighting
 + Level 11.8 Axes
 + Level 5.4 Armour
 + Level 4.0 Dodging
 + Level 1.6 Stealth
 + Level 7.8 Shields


You had 9 spell levels left.
You didn't know any spells.

Dungeon Overview and Level Annotations

Branches:
Dungeon (10/15)            Temple (0/1) D:4            Lair (1/6) D:8
    Orc: D:9-12

Altars:
Fedhas
Hepliaklqana
Ru
Trog
Yredelemnul

Shops:
D:6 }


Message History

The killer bee is heavily wounded.
The killer bee completely misses you. The killer bee stings you.
* * * LOW HITPOINT WARNING * * *
You closely miss the killer bee.
The killer bee is heavily wounded.
You feel sick. The killer bee misses you. You block the killer bee's attack.
The killer bee stings you!
* * * LOW HITPOINT WARNING * * *
You are more poisoned.
The killer bee poisons you!
You feel sick.
The two-headed ogre shouts in stereo!
The killer bee stings you but does no damage.
You block the killer bee's attack.
A gnoll comes into view. It is wielding a club.
You feel sick.
The two-headed ogre hits you with a dire flail.
* * * LOW HITPOINT WARNING * * *
You block the two-headed ogre's attack.
You die...

... ###
......#######
..###
........?..>.
....
.......#######
..##.....
#........ #@O#
##.# #y#####
#yS.'_+ ..
#.###'# .....#
#g# #.# .....#
#y###.###.....#
#gJ.yg........#
##.#..........#


You could see a two-headed ogre, a gnoll sergeant, a jelly, 3 killer bees, a
gnoll and an adder.

Vanquished Creatures
  Pikel (D:5)
  Prince Ribbit (D:7)
  Menkaure (D:7)
  Duvessa (D:7)
  A sky beast (D:10)
  An orc warrior (D:6)
  2 ice beasts
  A slave (D:5)
  2 ogres
  2 crocodiles
  5 centaurs
  A big kobold (D:7)
  2 bullfrogs
  Dowan (D:7)
  2 water moccasin zombies (Ossuary)
  3 scorpions
  3 wights (D:6)
  3 bullfrog zombies
  A howler monkey (D:6)
  A crimson imp (D:9)
  A jelly (D:5)
  A centaur zombie (D:8)
  5 hounds
  4 orc wizards
  Crazy Yiuf (D:7)
  4 iguanas
  2 worker ants
  4 big kobold zombies (Ossuary)
  3 mummies
  2 worker ant zombies
  11 adders
  A shadow imp (D:5)
  7 adder zombies (Ossuary)
  2 adder skeletons
  3 worms
  A dart slug (D:2)
  8 leopard geckos
  14 orcs
  A ball python (D:3)
  9 bats
  5 giant cockroaches
  4 gnoll zombies (Ossuary)
  8 goblins
  2 hobgoblins
  10 jackals
  10 kobolds
  2 quokkas
  9 frilled lizards
  5 hobgoblin zombies (Ossuary)
  6 kobold zombies (Ossuary)
  A leopard gecko zombie (D:8)
  6 orc zombies (Ossuary)
  A quokka skeleton (D:4)
  14 rats
202 creatures vanquished.

Vanquished Creatures (others)
  A slave (D:5)
  An ogre (D:5)
2 creatures vanquished.

Grand Total: 204 creatures vanquished

Notes
Turn   | Place    | Note
-------+----------+-------------------------------------------
     0 | D:1      | tmwrnj the Hill Orc Fighter began the quest for the Orb.
     0 | D:1      | Reached XP level 1. HP: 19/19 MP: 1/1
   250 | D:1      | Reached XP level 2. HP: 27/27 MP: 2/2
   706 | D:2      | Reached skill level 3 in Axes
   706 | D:2      | Reached XP level 3. HP: 33/33 MP: 3/3
  1311 | D:3      | Reached XP level 4. HP: 35/40 MP: 4/4
  1767 | D:2      | Reached skill level 4 in Axes
  2451 | D:3      | Found a hazy altar of Hepliaklqana.
  2456 | D:3      | Found a basalt altar of Yredelemnul.
  2469 | D:3      | Reached XP level 5. HP: 43/47 MP: 5/5
  2841 | D:4      | Found a staircase to the Ecumenical Temple.
  2874 | D:4      | Found a sand-covered staircase.
  3109 | Ossuary  | Entered an ossuary
  3121 | Ossuary  | Reached skill level 1 in Dodging
  3192 | Ossuary  | Reached skill level 5 in Axes
  3228 | Ossuary  | Reached XP level 6. HP: 37/53 MP: 6/6
  3469 | Ossuary  | Reached skill level 6 in Axes
  3696 | D:4      | Reached skill level 5 in Fighting
  3696 | D:4      | Reached XP level 7. HP: 50/61 MP: 7/7
  3799 | D:4      | Got a sparkling jade ring
  3901 | D:4      | Identified the ring "Xoerilo" {+Inv +Fly Str+4} (You found it on level 4 of the Dungeon)
  4101 | D:5      | Entered Level 5 of the Dungeon
  4522 | D:5      | Reached skill level 5 in Shields
  4527 | D:5      | Reached skill level 7 in Axes
  4607 | D:5      | Noticed a moth of wrath
  4610 | D:5      | Found a bloodstained altar of Trog.
  5019 | D:5      | Reached XP level 8. HP: 55/68 MP: 8/8
  5208 | D:6      | Reached skill level 8 in Axes
  5246 | D:6      | Found Asopiz's Gadget Boutique.
  5439 | D:6      | Noticed Pikel
  5611 | D:7      | Noticed a two-headed ogre
  6163 | D:5      | Killed Pikel
  6163 | D:5      | Reached skill level 9 in Axes
  6163 | D:5      | Reached skill level 5 in Armour
  6163 | D:5      | Reached skill level 1 in Stealth
  6163 | D:5      | Reached XP level 9. HP: 46/78 MP: 9/9
  6601 | D:7      | Reached skill level 10 in Axes
  6771 | D:7      | Found a runed door.
  6775 | D:7      | Noticed Crazy Yiuf
  6779 | D:7      | Killed Crazy Yiuf
  6900 | D:7      | Noticed Menkaure
  6907 | D:7      | Killed Menkaure
  7088 | D:7      | Noticed Dowan
  7090 | D:7      | Noticed Duvessa
  7115 | D:7      | Killed Duvessa
  7122 | D:7      | Killed Dowan
  7244 | D:7      | Noticed Prince Ribbit
  7274 | D:7      | Killed Prince Ribbit
  7688 | D:8      | Reached skill level 11 in Axes
  8118 | D:8      | Found a staircase to the Lair.
  8151 | D:8      | Found a sacrificial altar of Ru.
  8174 | Lair:1   | Entered Level 1 of the Lair of Beasts
  8256 | Lair:1   | Noticed a six-headed hydra
  8293 | D:9      | Reached XP level 10. HP: 77/86 MP: 10/10
  8339 | D:9      | Noticed a two-headed ogre
  8463 | D:9      | Noticed a two-headed ogre
  8483 | D:10     | Entered Level 10 of the Dungeon
  8542 | D:10     | HP: 4/86 [troll (10)]
  8600 | D:9      | Found a blossoming altar of Fedhas.
  8622 | D:9      | HP: 1/86 [two-headed ogre/dire flail (5)]
  8623 | D:9      | Succumbed to a killer bee's poison

Skill      XL: |  1  2  3  4  5  6  7  8  9 10 |
---------------+-------------------------------+-----
Fighting       | 4 5 6 7 |  7.5
Axes           | 3 4 5 6 7 9 11 | 11.8
Shields        | 4 5 6 7 |  7.8
Armour         | 4 5 |  5.4
Dodging        | 1 2 3 4 |  4.0
Stealth        | 1 |  1.6

Action                   |  1- 3 |  4- 6 |  7- 9 | 10-12 || total
-------------------------+-------+-------+-------+-------++-------
Melee: War axe           |    86 |   260 |   460 |    67 ||   873
  Use: Scroll            |       |       |    11 |       ||    11
       Potion            |       |       |     3 |     1 ||     4
 Stab: Distracted        |       |       |     1 |       ||     1
       Sleeping          |       |       |     2 |       ||     2
  Eat: Chunk             |     1 |     5 |    18 |     3 ||    27
       Fruit             |       |     2 |       |       ||     2
Armor: Acid dragon scale |    42 |   117 |   139 |    40 ||   338
Dodge: Dodged            |    49 |    99 |   146 |    48 ||   342
Block: Shield            |    73 |   165 |   276 |    44 ||   558
